 Dungeon Crawl Stone Soup version 0.31-a0-986-g5e6e4ef867 (webtiles) character file.

Game seed: 6872264700507014540

480 GloriousHammer the Sneak (level 7, -9/36 HPs)
             Began as a Kobold Enchanter on Nov 6, 2023.
             Mangled by a sleepcap (15 damage)
             ... on level 4 of the Dungeon.
             The game lasted 00:08:26 (3814 turns).

GloriousHammer the Sneak (Kobold Enchanter)         Turns: 3814, Time: 00:08:27

Health: -9/36      AC:  6    Str:  6    XL:     7   Next: 34%
Magic:  10/12      EV:  3    Int: 16    God:
Gold:   149        SH:  0    Dex: 17    Spells: 4/13 levels left

rFire   . . .        a - +1 dagger
rCold   . . .        (no shield)
rNeg    . . .        y - +0 leather armour
rPois   .            n - +0 helmet
rElec   .            z - +0 cloak
rCorr   .            p - +0 pair of gloves
SInv    .            (no boots)
Will    .....        (no amulet)
Stlth   +++++        (no ring)
HPRegen 0.26/turn    (no ring)
MPRegen 0.13/turn

%: no passive effects
@: sleeping, very slightly contaminated
A: small, no large weapons, nightstalker 3
a: no special abilities


You were on level 4 of the Dungeon.
You visited 2 branches of the dungeon, and saw 5 of its levels.
You also visited: Sewer.

You collected 149 gold pieces.

Inventory:

Hand Weapons
 a - a +1 dagger (weapon)
 w - a +0 sling
Missiles
 d - 9 boomerangs
 j - 3 atropa-tipped darts (quivered)
 x - 12 poisoned darts
Armour
 b - a +0 robe
 n - a +0 helmet (worn)
 p - a +0 pair of gloves (worn)
 u - a +0 buckler
 y - a +0 leather armour (worn)
 z - a +0 cloak (worn)
Scrolls
 g - 3 scrolls of identify {unknown}
 h - a scroll of revelation {unknown}
 i - a scroll of blinking {unknown}
 m - a scroll of brand weapon {unknown}
 q - a scroll of teleportation {unknown}
 t - a scroll of summoning {unknown}
Potions
 c - a potion of might {unknown}
 e - a potion of enlightenment {unknown}
 f - 2 potions of attraction {unknown}
 k - a potion of curing {unknown}
 l - 3 potions of brilliance {unknown}
 o - a potion of mutation {unknown}
 r - a potion of heal wounds {unknown}
 s - a potion of magic {unknown}
 v - a potion of resistance {unknown}
 A - a potion of lignification {unknown}
 B - a potion of haste {unknown}


   Skills:
 + Level 4.2 Short Blades
 - Level 2.4 Dodging
 * Level 7.7 Stealth
 + Level 3.7 Spellcasting
 + Level 4.3 Hexes


You had 4 spell levels left.
You knew the following spells:

 Your Spells              Type           Power      Damage    Failure   Level
a - Confusing Touch       Hex            17%        N/A       14%         3
b - Sigil of Binding      Hex            17%        N/A       14%         3
c - Tukima's Dance        Hex            17%        N/A       14%         3

Your spell library contained the following spells:

 Spells                   Type           Power      Damage    Failure   Level
 Ensorcelled Hibernation  Hex/Ice        20%        N/A       17%         2
 Magic Dart               Conj           12%        1d3       26%         1
 Dazzling Flash           Conj/Hex       20%        N/A       32%         3
 Searing Ray              Conj           6%         2d4       38%         2
 Call Canine Familiar     Summ           3%         N/A       63%         3
 Dimensional Bullseye     Hex/Tloc       5%         N/A       73%         4
 Fulminant Prism          Conj/Hex       5%         3d7       73%         4
 Leda's Liquefaction      Hex/Erth       5%         N/A       73%         4


Dungeon Overview and Level Annotations

Branches:
Dungeon (4/15)             Temple (1/1) D:4           Sewer (visited)

Altars:
Ashenzari
Cheibriados
Fedhas
Gozag
Hepliaklqana
Kikubaaqudgha
Makhleb
Nemelex Xobeh
Okawaru
Qazlal
Trog
Uskayaw
Vehumet
Wu Jian
Xom
Yredelemnul
Zin
The Shining One

Annotations:
D:3 exclusion: downstairs


Innate Abilities, Weirdness & Mutations

You are small and have problems with some larger weapons.
You are completely attuned to the shadows.


Message History

The iguana is lightly wounded.
The iguana bites itself!
You completely miss the iguana.
The iguana is severely wounded.
The iguana bites you.
The iguana bites itself!
The iguana is killed!
An orc comes into view. It is wielding a +0 mace.
An orc is nearby!
An orc is nearby!
You closely miss the orc.
The orc shouts!
The orc hits you but does no damage.
You hit the orc.
The orc is heavily wounded.
You hit the orc.
You kill the orc!
Things that are here:
a +0 mace; an orc corpse
Found a stone staircase leading down.
You open the door.
There is an open door here.
Found a stone staircase leading up.
A sleepcap comes into view.
A sleepcap is nearby!
You hit the sleepcap.
The sleepcap is lightly damaged.
The sleepcap releases spores at you.
You hit the sleepcap.
The sleepcap is lightly damaged.
The sleepcap releases spores at you but does no damage.
You hit the sleepcap but do no damage.
The sleepcap is lightly damaged.
You hit the sleepcap but do no damage.
The sleepcap is lightly damaged.
The sleepcap closely misses you.
You hit the sleepcap but do no damage.
The sleepcap is lightly damaged.
The sleepcap releases spores at you.
You are engulfed in a cloud of soporific spores!
You fall asleep.
The sleepcap releases spores at you.
You wake up.
You are engulfed in a cloud of soporific spores!
You are unaffected.
You hit the sleepcap but do no damage.
The sleepcap is lightly damaged.
The sleepcap misses you.
You hit the sleepcap.
The sleepcap is moderately damaged.
The sleepcap releases spores at you but does no damage.
Unknown command.
You hit the sleepcap.
The sleepcap is moderately damaged.
You hit the sleepcap but do no damage.
The sleepcap is moderately damaged.
The sleepcap releases spores at you but does no damage.
You hit the sleepcap.
The sleepcap is moderately damaged.
The sleepcap releases spores at you but does no damage.
Casting: Confusing Touch (quite dangerous; 14% risk of failure)
Confirm with . or Enter, or press ? or * to list all spells.
You miscast Confusing Touch.
You are very lightly contaminated with residual magic.
Nothing appears to happen.
The sleepcap misses you.
You hit the sleepcap but do no damage.
The sleepcap is moderately damaged.
The sleepcap releases spores at you.
You are engulfed in a cloud of soporific spores!
You fall asleep.
The sleepcap barely misses you. The sleepcap releases spores at you!
You wake up.
* * * LOW HITPOINT WARNING * * *
You are engulfed in a cloud of soporific spores!
You are unaffected.
You hit the sleepcap.
The sleepcap is heavily damaged.
The sleepcap misses you.
You hit the sleepcap.
The sleepcap is heavily damaged.
You hit the sleepcap.
The sleepcap is heavily damaged.
The sleepcap barely misses you.
You hit the sleepcap but do no damage.
The sleepcap is heavily damaged.
The sleepcap barely misses you.
You hit the sleepcap but do no damage.
The sleepcap is heavily damaged.
The sleepcap misses you.
You hit the sleepcap but do no damage.
The sleepcap is heavily damaged.
You hit the sleepcap.
The sleepcap is heavily damaged.
The sleepcap releases spores at you but does no damage.
You hit the sleepcap but do no damage.
The sleepcap is heavily damaged.
The sleepcap releases spores at you.
* * * LOW HITPOINT WARNING * * *
You are engulfed in a cloud of soporific spores!
You fall asleep.
The sleepcap releases spores at you!
You die...

#####.#...#.#...###
#####.#.#.#.#.#.##.
#.......#.#.#.#.###
#.#.....#.#.#.#....
#.#.....#.#........
#.#.....#.##.######
#.#...#.#.##.#
###.#####.#....#
...f@.# #.######
#####.###.#
#.......# #.#.#####
#...# #####


You could see a sleepcap.

Vanquished Creatures
  An ogre (D:4)
  A kobold brigand (Sewer)
  A scorpion (D:4)
  An orc priest (D:4)
  A hound (D:4)
  2 iguanas (D:4)
  An orc wizard (D:4)
  5 adders
  2 worms
  3 dart slugs
  7 orcs
  11 ball pythons
  3 bats
  6 endoplasms
  4 giant cockroaches
  5 goblins
  A hobgoblin (D:1)
  2 quokkas (D:1)
  2 frilled lizards (D:3)
  13 kobolds
  8 rats
80 creatures vanquished.

Notes
Turn   | Place    | Note
-------+----------+-------------------------------------------
     0 | D:1      | GloriousHammer the Kobold Enchanter began the quest for the
                  | Orb.
     0 | D:1      | Reached XP level 1. HP: 10/10 MP: 3/3
   203 | D:1      | Reached XP level 2. HP: 11/15 MP: 5/5
   909 | D:2      | Reached XP level 3. HP: 19/19 MP: 6/6
  1034 | D:2      | Reached skill level 5 in Stealth
  1560 | D:3      | Found a faded altar of an unknown god.
  1659 | D:3      | Found a glowing drain.
  1673 | D:3      | Reached XP level 4. HP: 10/24 MP: 6/8
  1700 | Sewer    | Entered a sewer
  2075 | Sewer    | Noticed a kobold brigand
  2095 | Sewer    | Killed a kobold brigand
  2096 | Sewer    | Reached skill level 6 in Stealth
  2096 | Sewer    | Reached XP level 5. HP: 20/28 MP: 9/9
  2469 | D:3      | Learned a level 3 spell: Confusing Touch
  2473 | D:3      | Learned a level 3 spell: Sigil of Binding
  2477 | D:3      | Learned a level 3 spell: Tukima's Dance
  2923 | D:4      | Noticed an ogre
  2985 | D:4      | Reached XP level 6. HP: 32/32 MP: 10/10
  3379 | D:4      | Killed an ogre
  3380 | D:4      | Reached skill level 7 in Stealth
  3449 | D:4      | Found a staircase to the Ecumenical Temple.
  3484 | Temple   | Entered the Ecumenical Temple
  3535 | D:4      | Reached XP level 7. HP: 30/36 MP: 6/12
  3814 | D:4      | Mangled by a sleepcap

Illustrated notes

Levels and vault maps discovered:
D:1:      dpeg_arrival_stonehenge_8_columns, layout_basic
D:2:      layout_basic
D:3:      layout_basic, nicolae_ecumenical_oubliette, gup_sewer_entry_glass
D:4:      layout_basic, mainiacjoe_overflow_boulevard, temple_pool_b
Temple:   regret_index_temple_chain_breaker

Skill      XL: |  1  2  3  4  5  6 |
---------------+-------------------+-----
Short Blades   | 2 3 4 |  4.2
Stealth        | 5 6 7 |  7.7
Spellcasting   | 3 |  3.7
Hexes          | 4 |  4.3
Dodging        | |  2.4

Action                     |  1- 3 |  4- 6 |  7- 9 || total
---------------------------+-------+-------+-------++-------
  Melee: Dagger            |    48 |   172 |    60 ||   280
         Punch             |       |     4 |       ||     4
  Throw: Dart              |       |     3 |       ||     3
   Cast: Confusing Touch   |       |     5 |     3 ||     8
    Use: Potion            |       |     2 |       ||     2
   Stab: Sleeping          |    15 |    20 |     3 ||    38
         Invisible         |       |     6 |       ||     6
         Confused          |       |     4 |     1 ||     5
 Armour: Robe              |    10 |    22 |       ||    32
         Leather armour    |       |    42 |    27 ||    69
  Dodge: Dodged            |    21 |   118 |    26 ||   165

Table legend: (Time is in decaauts)
 A = Elapsed time spent in this place.
 B = Non-inter-level travel time spent in this place.
 C = Inter-level travel time spent in this place.
 D = Time resting spent in this place.
 E = Time spent auto-exploring this place.
 F = Levels seen in this place.
 G = Mean time per level.
                   A        B        C        D        E       F      G
               +--------+--------+--------+--------+--------+-----+--------+
         Total |   3818 |   3619 |    199 |    471 |   2175 |   6 |  636.3 |
       Dungeon |   3276 |   3077 |    199 |    338 |   1980 |   4 |  819.0 |
        Temple |      1 |      1 |      0 |      0 |      0 |   1 |    1.0 |
         Sewer |    539 |    539 |      0 |    133 |    195 |   1 |  539.0 |
               +--------+--------+--------+--------+--------+-----+--------+

Top non-repeatable levels by time:
     D:3: 1058 daAuts
     D:2: 897 daAuts
     D:1: 705 daAuts
     D:4: 615 daAuts
   Sewer: 539 daAuts
  Temple: 1 daAuts
